| TOP OF THE 1ST |
|
Roswell Invaders batting - Pitching for Miami Beach Marlins : RHP Eric Simons
|
|
Pitching: RHP Eric Simons
|
|
|
Batting: RHB Shing Mah
|
0-0: Called Strike 0-1: Fly out, F9 (Flyball, 89M, EV 73.1 MPH)
|
|
Batting: LHB Adam Spence
|
0-0: Ball 1-0: Called Strike 1-1: Ball 2-1: Called Strike 2-2: Strikes out swinging
|
|
Batting: LHB Angelo Lira
|
0-0: Swinging Strike 0-1: Swinging Strike 0-2: Ball 1-2: Strikes out swinging
|
| Top of the 1st over - 0 runs, 0 hits, 0 errors, 0 left on base; Roswell 0 - Miami Beach 0 |
| BOTTOM OF THE 1ST |
|
Miami Beach Marlins batting - Pitching for Roswell Invaders : RHP Toshihiro Nagao
|
|
Pitching: RHP Toshihiro Nagao
|
|
|
Batting: RHB Jim Smallwood
|
0-0: Fly out, F6 (Line Drive, 6, EV 71.2 MPH)
|
|
Batting: RHB Corbin Chauvin
|
0-0: Ball 1-0: Ball 2-0: Fly out, F3 (Line Drive, 3L, EV 75.0 MPH)
|
|
Batting: SHB Emmet Brickowski
|
0-0: Called Strike 0-1: Fly out, F8 (Flyball, 8RM, EV 82.5 MPH)
|
| Bottom of the 1st over - 0 runs, 0 hits, 0 errors, 0 left on base; Roswell 0 - Miami Beach 0 |
| TOP OF THE 2ND |
|
Roswell Invaders batting - Pitching for Miami Beach Marlins : RHP Eric Simons
|
|
Batting: LHB Julio Zamora
|
0-0: Ball 1-0: Called Strike 1-1: Foul Ball, location: 2F 1-2: Ball 2-2: Foul Ball, location: 2F 2-2: Fly out, F7 (Flyball, 7, EV 86.9 MPH)
|
|
Batting: RHB Jason Hanson
|
0-0: Foul Ball, location: 2F 0-1: Foul Ball, location: 2F 0-2: Foul Ball, location: 2F 0-2: Foul Ball, location: 2F 0-2: Strikes out looking
|
|
Batting: RHB Matt Satterfield
|
0-0: Called Strike 0-1: Fly out, F8 (Flyball, 8LXD, EV 108.1 MPH)
|
| Top of the 2nd over - 0 runs, 0 hits, 0 errors, 0 left on base; Roswell 0 - Miami Beach 0 |
| BOTTOM OF THE 2ND |
|
Miami Beach Marlins batting - Pitching for Roswell Invaders : RHP Toshihiro Nagao
|
|
Batting: RHB Melvin Nava
|
0-0: Ball 1-0: Foul Ball, location: 2F 1-1: Ball 2-1: Ball 3-1: Fly out, F6 (Line Drive, 6, EV 63.8 MPH)
|
|
Batting: LHB Henry Huezo
|
0-0: Hit by Pitch
|
|
Batting: RHB Troy Bush
|
0-0: Swinging Strike 0-1: Swinging Strike 0-2: Ball 1-2: Ball 2-2: Foul Ball, location: 2F 2-2: Fielders Choice at 2nd, 1-6 (Groundball, 34S, EV 72.5 MPH)
|
|
Batting: RHB Kazumi Inouye
|
0-0: Ball 1-0: Ball 2-0: Called Strike 2-1: Ball 3-1: Ground out U3 (Groundball, 3, EV 79.4 MPH)
|
| Bottom of the 2nd over - 0 runs, 0 hits, 0 errors, 1 left on base; Roswell 0 - Miami Beach 0 |
| TOP OF THE 3RD |
|
Roswell Invaders batting - Pitching for Miami Beach Marlins : RHP Eric Simons
|
|
Batting: LHB Matt Tanner
|
0-0: Fly out, F8 (Flyball, 8LD, EV 106.2 MPH)
|
|
Batting: RHB Shinichi Miyamoto
|
0-0: Ball 1-0: Foul Ball, location: 2F 1-1: Foul Ball, location: 2F 1-2: Foul Ball, location: 2F 1-2: Strikes out swinging
|
|
Batting: SHB Sandy Burke
|
0-0: Fly out, F9 (Flyball, 9S, EV 75.6 MPH)
|
| Top of the 3rd over - 0 runs, 0 hits, 0 errors, 0 left on base; Roswell 0 - Miami Beach 0 |
| BOTTOM OF THE 3RD |
|
Miami Beach Marlins batting - Pitching for Roswell Invaders : RHP Toshihiro Nagao
|
|
Batting: RHB Francisco Valenzuela
|
0-0: Called Strike 0-1: Foul Ball, location: 2F 0-2: Strikes out swinging
|
|
Batting: RHB Hektor Luvian
|
0-0: Ball 1-0: Ball 2-0: Ball 3-0: Called Strike 3-1: Ground out 4-3 (Groundball, 4, EV 90.6 MPH)
|
|
Batting: RHB Jim Smallwood
|
0-0: Called Strike 0-1: Fly out, F5 (Line Drive, 5L, EV 70.0 MPH)
|
| Bottom of the 3rd over - 0 runs, 0 hits, 0 errors, 0 left on base; Roswell 0 - Miami Beach 0 |
| TOP OF THE 4TH |
|
Roswell Invaders batting - Pitching for Miami Beach Marlins : RHP Eric Simons
|
|
Batting: RHB Shing Mah
|
0-0: Foul Ball, location: 2F 0-1: Called Strike 0-2: Fly out, F9 (Flyball, 9, EV 93.1 MPH)
|
|
Batting: LHB Adam Spence
|
0-0: Ball 1-0: Called Strike 1-1: Ball 2-1: Swinging Strike 2-2: Ball 3-2: Base on Balls
|
|
Batting: LHB Angelo Lira
|
0-0: Called Strike 0-1: Hit by Pitch Adam Spence to second
|
|
Batting: LHB Julio Zamora
|
0-0: Ball 1-0: Foul Ball, location: 2F 1-1: Ball 2-1: Foul Ball, location: 2F 2-2: Ball 3-2: Foul Ball, location: 2F 3-2: Strikes out looking
|
|
Batting: RHB Jason Hanson
|
0-0: Ball 1-0: Ball 2-0: Hit by Pitch Adam Spence to third Angelo Lira to second
|
|
Batting: RHB Matt Satterfield
|
0-0: Foul Ball, location: 2F 0-1: Ball 1-1: Swinging Strike 1-2: Strikes out swinging
|
| Top of the 4th over - 0 runs, 0 hits, 0 errors, 3 left on base; Roswell 0 - Miami Beach 0 |
| BOTTOM OF THE 4TH |
|
Miami Beach Marlins batting - Pitching for Roswell Invaders : RHP Toshihiro Nagao
|
|
Batting: RHB Corbin Chauvin
|
0-0: Foul Ball, location: 2F 0-1: Ball 1-1: Ball 2-1: Swinging Strike 2-2: SINGLE (Groundball, 4MD, EV 94.4 MPH)
|
|
Batting: SHB Emmet Brickowski
|
0-0: Ball 1-0: Swinging Strike 1-1: Ball 2-1: Fly out, F8 (Flyball, 78D, EV 103.1 MPH)
|
|
Batting: RHB Melvin Nava
|
0-0: Fly out, F7 (Flyball, 7S, EV 81.9 MPH)
|
|
Batting: LHB Henry Huezo
|
0-0: Ball 1-0: Foul Ball, location: 2F 1-1: Ball 2-1: Swinging Strike 2-2: SINGLE (Groundball, 6, EV 95.6 MPH) Corbin Chauvin to second
|
|
Batting: RHB Troy Bush
|
0-0: Ball 1-0: Ball 2-0: Foul Ball, location: 2F 2-1: Ball 3-1: Foul Ball, location: 2F 3-2: Foul Ball, location: 2F 3-2: Base on Balls Corbin Chauvin to third Henry Huezo to second
|
|
Batting: RHB Kazumi Inouye
|
0-0: Called Strike 0-1: Ball 1-1: Ball Wild Pitch! Corbin Chauvin scores Henry Huezo to third Troy Bush to second 2-1: Foul Ball, location: 2F 2-2: SINGLE (Groundball, 25, EV 71.2 MPH) (infield hit) Henry Huezo scores Troy Bush to third
|
|
Batting: RHB Francisco Valenzuela
|
0-0: Swinging Strike 0-1: Called Strike 0-2: Ball 1-2: Ball 2-2: Ball 3-2: Fly out, F6 (Popup, 4M, EV 51.2 MPH)
|
| Bottom of the 4th over - 2 runs, 3 hits, 0 errors, 2 left on base; Roswell 0 - Miami Beach 2 |
| TOP OF THE 5TH |
|
Roswell Invaders batting - Pitching for Miami Beach Marlins : RHP Eric Simons
|
|
Batting: LHB Matt Tanner
|
0-0: Ball 1-0: Swinging Strike 1-1: Ball 2-1: Swinging Strike 2-2: Strikes out swinging, 2-3 out at first.
|
|
Batting: RHB Shinichi Miyamoto
|
0-0: Called Strike 0-1: Ball 1-1: Swinging Strike 1-2: Foul Ball, location: 2F 1-2: Ball 2-2: Foul Ball, location: 2F 2-2: Strikes out swinging
|
|
Batting: SHB Sandy Burke
|
0-0: Ball 1-0: Ball 2-0: Ball 3-0: Called Strike 3-1: Foul Ball, location: 2F 3-2: Foul Ball, location: 2F 3-2: Foul Ball, location: 2F 3-2: Strikes out looking
|
| Top of the 5th over - 0 runs, 0 hits, 0 errors, 0 left on base; Roswell 0 - Miami Beach 2 |
| BOTTOM OF THE 5TH |
|
Miami Beach Marlins batting - Pitching for Roswell Invaders : RHP Toshihiro Nagao
|
|
Batting: RHB Hektor Luvian
|
0-0: Foul Ball, location: 2F 0-1: Called Strike 0-2: Fly out, F9 (Flyball, 89M, EV 86.2 MPH)
|
|
Batting: RHB Jim Smallwood
|
0-0: Ball 1-0: Ball 2-0: Ball 3-0: Called Strike 3-1: Base on Balls
|
|
Batting: RHB Corbin Chauvin
|
0-0: Called Strike 0-1: Fly out, F8 (Line Drive, 8LXD, EV 101.2 MPH)
|
|
Batting: SHB Emmet Brickowski
|
0-0: SINGLE (Flyball, 56D, EV 81.9 MPH) Jim Smallwood to second
|
|
Batting: RHB Melvin Nava
|
0-0: Ball 1-0: SINGLE (Groundball, 6D, EV 98.8 MPH) Jim Smallwood to third Emmet Brickowski to second Runner from 3rd tries for Home, throw by CF and OUT! 8-2
|
| Bottom of the 5th over - 0 runs, 2 hits, 0 errors, 2 left on base; Roswell 0 - Miami Beach 2 |
| TOP OF THE 6TH |
|
Roswell Invaders batting - Pitching for Miami Beach Marlins : RHP Eric Simons
|
|
Pitching: RHP Freddie Robe
|
|
|
Batting: RHB Shing Mah
|
0-0: Ball 1-0: Fly out, F9 (Line Drive, 9D, EV 96.9 MPH)
|
|
Batting: LHB Adam Spence
|
0-0: Ball 1-0: Ball 2-0: Swinging Strike 2-1: Foul Ball, location: 2F 2-2: Ball 3-2: Strikes out swinging
|
|
Batting: LHB Angelo Lira
|
0-0: Ball 1-0: Foul Ball, location: 2F 1-1: Ball 2-1: Ground out 6-3 (Groundball, 4MS, EV 94.4 MPH)
|
| Top of the 6th over - 0 runs, 0 hits, 0 errors, 0 left on base; Roswell 0 - Miami Beach 2 |
| BOTTOM OF THE 6TH |
|
Miami Beach Marlins batting - Pitching for Roswell Invaders : RHP Toshihiro Nagao
|
|
Batting: LHB Henry Huezo
|
0-0: SINGLE (Groundball, 6M, EV 86.2 MPH) (infield hit)
|
|
Batting: RHB Troy Bush
|
0-0: Ball 1-0: Foul Ball, location: 2F 1-1: Swinging Strike 1-2: Ball 2-2: Fielders Choice at 2nd, 1-6 (Groundball, 13S, EV 66.9 MPH)
|
|
Batting: RHB Kazumi Inouye
|
0-0: Called Strike 0-1: Grounds into double play, 3-6-1 (Groundball, 3, EV 86.9 MPH)
|
| Bottom of the 6th over - 0 runs, 1 hit, 0 errors, 0 left on base; Roswell 0 - Miami Beach 2 |
| TOP OF THE 7TH |
|
Roswell Invaders batting - Pitching for Miami Beach Marlins : RHP Freddie Robe
|
|
Batting: LHB Julio Zamora
|
0-0: Foul Ball, location: 2F 0-1: Swinging Strike 0-2: Strikes out swinging
|
|
Pinch Hitting: LHB Ivan Cortez
|
0-0: Ball 1-0: Foul Ball, location: 2F 1-1: Ball 2-1: Swinging Strike 2-2: Foul Ball, location: 2F 2-2: Fly out, F8 (Flyball, 8RD, EV 96.9 MPH)
|
|
Batting: LHB Jalen Williams
|
0-0: Fly out, F8 (Flyball, 8LD, EV 91.2 MPH)
|
| Top of the 7th over - 0 runs, 0 hits, 0 errors, 0 left on base; Roswell 0 - Miami Beach 2 |
| BOTTOM OF THE 7TH |
|
Miami Beach Marlins batting - Pitching for Roswell Invaders : RHP Toshihiro Nagao
|
|
Now at 1B: Cullen Kelley
|
|
|
Batting: RHB Francisco Valenzuela
|
0-0: Ball 1-0: Fly out, F9 (Line Drive, 9S, EV 105.0 MPH)
|
|
Batting: RHB Hektor Luvian
|
0-0: Foul Ball, location: 2F 0-1: Called Strike 0-2: Ball 1-2: Strikes out swinging
|
|
Batting: RHB Jim Smallwood
|
0-0: Called Strike 0-1: Ball 1-1: Ground out 6-3 (Groundball, 6, EV 104.4 MPH)
|
| Bottom of the 7th over - 0 runs, 0 hits, 0 errors, 0 left on base; Roswell 0 - Miami Beach 2 |
| TOP OF THE 8TH |
|
Roswell Invaders batting - Pitching for Miami Beach Marlins : RHP Freddie Robe
|
|
Batting: LHB Matt Tanner
|
0-0: Swinging Strike 0-1: Called Strike 0-2: Ball 1-2: Strikes out swinging
|
|
Pitching: LHP Tom Boyko
|
|
|
Batting: RHB Shinichi Miyamoto
|
0-0: Foul Ball, location: 2F 0-1: Ball 1-1: Swinging Strike 1-2: Ball 2-2: Foul Ball, location: 2F 2-2: Foul Ball, location: 2F 2-2: Foul Ball, location: 2F 2-2: Strikes out swinging
|
|
Batting: SHB Sandy Burke
|
0-0: Swinging Strike 0-1: Fly out, F7 (Flyball, 7LM, EV 88.8 MPH)
|
| Top of the 8th over - 0 runs, 0 hits, 0 errors, 0 left on base; Roswell 0 - Miami Beach 2 |
| BOTTOM OF THE 8TH |
|
Miami Beach Marlins batting - Pitching for Roswell Invaders : RHP Toshihiro Nagao
|
|
Batting: RHB Corbin Chauvin
|
0-0: SINGLE (Groundball, 4M, EV 82.5 MPH) (infield hit)
|
|
Batting: SHB Emmet Brickowski
|
0-0: Foul Ball, location: 2F 0-1: Ball 1-1: Foul Ball, location: 2F 1-2: 2-RUN HOME RUN (Flyball, 9D, EV 98.1 MPH), Distance : 384 ft
|
|
Batting: RHB Melvin Nava
|
0-0: Foul Ball, location: 2F 0-1: Fly out, F7 (Flyball, 78M, EV 87.5 MPH)
|
|
Batting: LHB Henry Huezo
|
0-0: Swinging Strike 0-1: Swinging Strike 0-2: Foul Ball, location: 2F 0-2: Ball 1-2: Fly out, F8 (Flyball, 8LXD, EV 96.2 MPH)
|
|
Batting: RHB Troy Bush
|
0-0: Ball 1-0: Ball 2-0: Called Strike 2-1: DOUBLE (Flyball, 78D, EV 108.1 MPH)
|
|
Pitching: RHP Erik Stegenga
|
|
|
Batting: RHB Kazumi Inouye
|
0-0: Ball 1-0: Ball 2-0: Ball 3-0: Base on Balls
|
|
Batting: RHB Francisco Valenzuela
|
0-0: SINGLE (Groundball, 6MD, EV 98.1 MPH) Troy Bush to third Kazumi Inouye to second Runner from 3rd tries for Home, SAFE, throw by CF to home
|
|
Batting: RHB Hektor Luvian
|
0-0: Called Strike 0-1: Swinging Strike 0-2: Fly out, F8 (Line Drive, 8RM, EV 92.5 MPH)
|
| Bottom of the 8th over - 3 runs, 4 hits, 0 errors, 2 left on base; Roswell 0 - Miami Beach 5 |
| TOP OF THE 9TH |
|
Roswell Invaders batting - Pitching for Miami Beach Marlins : LHP Tom Boyko
|
|
Batting: RHB Shing Mah
|
0-0: Swinging Strike 0-1: Ball 1-1: Fly out, F9 (Line Drive, 9S, EV 107.5 MPH)
|
|
Pinch Hitting: RHB Homer Petropoulos
|
0-0: Called Strike 0-1: Foul Ball, location: 2F 0-2: Fly out, F7 (Flyball, 7, EV 93.1 MPH)
|
|
Batting: LHB Angelo Lira
|
0-0: Ball 1-0: Foul Ball, location: 2F 1-1: Ball 2-1: Fly out, F7 (Flyball, 7D, EV 86.9 MPH)
|
| Top of the 9th over - 0 runs, 0 hits, 0 errors, 0 left on base; Roswell 0 - Miami Beach 5 |
|